Unix NetHack Version 5.0.0-0 post-release - last build May  4 2026 22:22:43 (774f63e81ad911689b3a0859ea89b322d5daca8d,branch:main).

Game began 2026-05-05 11:08:19, ended 2026-05-05 11:49:04.

2460080212, lawful female human Valkyrie

                                   --.-
                                   -....
                                   ......
                                   ....G..
                                  --@... .
                                  -.f...G*
                                ....G..Gf.
                               .......---
                                .......
                                 .G...-
                                  ....-

2460080212 the Stripling    St:18/03 Dx:12 Co:16 In:10 Wi:7 Ch:9  Lawful
Dlvl:4  $:42 HP:0(22) Pw:5(5) AC:5  Xp:2 T:1387 

Latest messages:
 The kitten bites the jackal.
 The jackal is killed!
 You hear the chime of a cash register.
 You swap places with your kitten.
 You stop.  Your kitten is in the way!
 You swap places with your kitten.
 You hear someone cursing shoplifters.
 The door resists!
 The door opens.
 You swap places with your kitten.
 The kitten bites the jackal.
 The jackal misses the kitten.
 The kitten bites it.
 Your kitten eats a jackal corpse.
 You swap places with your kitten.
 The door opens.
 You swap places with your kitten.
 The door opens.
 You miss the green mold.
 You miss the green mold.
 You kill the green mold!
 You are splashed by the green mold's acid!
 You hear some noises in the distance.
 This door is locked.
 In what direction? 6
 This door is locked.
 You hear a door open.
 Your sewer rat corpse rots away.
 You descend the stairs.
 Your kitten eats a gnome corpse.
 The kitten bites!
 The gnome lord hits!
 The kitten bites!
 You hear a C note squeak nearby.
 The kitten bites!
 The kitten bites!
 The kitten bites!
 The kitten bites!
 You don't have anything to drink.
 What do you want to zap? [n or ?*] n
 A lit field surrounds you!
 The kitten bites!
 Atorox's ghost wakes up!
 The kitten bites!
 You die...
 Do you want your possessions identified? [ynq] (y) n
 Do you want to see your attributes? [ynq] (y) n
 Do you want an account of creatures vanquished? [ynaq] (y) n
 Do you want to see your conduct and achievements? [ynq] (y) n
 Do you want to see the dungeon overview? [ynq] (y) y

Inventory:
 Coins    ('$')
  $ - 42 gold pieces
 Weapons  (')')
  f - 10 blessed +0 crossbow bolts
  b - a +0 dagger (alternate weapon; not wielded)
  a - a +1 spear (weapon in right hand)
 Armor    ('[')
  h - an uncursed +0 orcish helm (being worn)
  c - an uncursed +3 small shield (being worn)
  i - an uncursed +0 leather armor
 Comestibles  ('%')
  e - 2 uncursed fortune cookies
  l - an uncursed lembas wafer
  g - 2 uncursed lichen corpses
 Scrolls  ('?')
  k - a cursed scroll of magic mapping
 Wands    ('/')
  n - a wand of light (0:13)
 Gems/Stones  ('*')
  j - an uncursed worthless piece of green glass

2460080212 the Valkyrie's attributes:

Background:
 You were a Stripling, a level 2 human Valkyrie.
 You were lawful, nominally on a mission for Tyr
 who was opposed by Odin (neutral) and Loki (chaotic).
 You were right-handed.
 You were in the Gnomish Mines, on level 4.
 You entered the dungeon 1387 turns ago.
 You had 32 experience points, 8 more were needed to attain level 3.

Basics:
 You had 0 out of 22 hit points.
 You had all 5 energy points (spell power).
 Your armor class was 5.
 Your wallet contained 42 zorkmids.
 Autopickup was off.

Final Characteristics:
 Your strength was 18/03 (limit:18/100).
 Your dexterity was 12 (limit:18).
 Your constitution was 16 (limit:18).
 Your intelligence was 10 (limit:18).
 Your wisdom was 7 (limit:18).
 Your charisma was 9 (limit:18).

Final Status:
 You weren't hungry.
 You were unencumbered.
 You were wielding a spear.
 You had basic skill with spear.

Final Attributes:
 You were devoutly aligned.
 You were cold resistant.
 You are dead.

Miscellaneous:
 You encountered 1 bones level.
 Total elapsed playing time was 40 minutes and 30 seconds.

Major events:
 Turn
    1: 2460080212 the lawful human Valkyrie entered the dungeon
 1380: entered the Gnomish Mines
 1387: killed by a kitten

You didn't know any spells.

Skills:
 Fighting Skills
   bare handed combat [Unskilled]
   two weapon combat  [Unskilled]
   riding             [Unskilled]
 Weapon Skills
   dagger             [Basic]
   axe                [Unskilled]
   pick-axe           [Unskilled]
   short sword        [Unskilled]
   broadsword         [Unskilled]
   long sword         [Unskilled]
   two-handed sword   [Unskilled]
   saber              [Unskilled]
   hammer             [Unskilled]
   quarterstaff       [Unskilled]
   polearms           [Unskilled]
   spear              [Basic]
   trident            [Unskilled]
   lance              [Unskilled]
   sling              [Unskilled]
 Spellcasting Skills
   attack spells      [Unskilled]
   escape spells      [Unskilled]

Voluntary challenges:
 Character rerolling was not enabled.
 You followed a strict vegan diet.
 You were an atheist.
 You were illiterate.
 You never genocided any monsters.
 You never polymorphed an object.
 You never changed form.
 You used no wishes.
Achievement:
 You entered the Gnomish Mines.

 The Dungeons of Doom: levels 1 to 3
    Level 1:
    Level 2:
    Level 3:
       A fountain.
       Stairs down to The Gnomish Mines.
 The Gnomish Mines:
    Level 4: <- You were here.
       A grave.
       Final resting place for
          you, killed by a kitten,
          atorox-Tou-Hum-Mal-Neu, killed by a dwarf.


Vanquished creatures:
 an acid blob
  a green mold
  a gecko
  3 jackals
  2 foxes
  a goblin
  2 sewer rats
 10 grid bugs
  5 lichens
  2 kobold zombies
  3 newts
31 creatures vanquished.

No species were genocided or became extinct.

Game over:
                       ----------
                      /          \
                     /    REST    \
                    /      IN      \
                   /     PEACE      \
                  /                  \
                  |    2460080212    |
                  |      42 Au       |
                  |   killed by a    |
                  |      kitten      |
                  |                  |
                  |                  |
                  |       2026       |
                 *|     *  *  *      | *
        _________)/\\_//(\/(/\)/\//\/|_)_______

Farvel 2460080212 the Valkyrie...

You died in The Gnomish Mines on dungeon level 4 with 326 points,
and 42 pieces of gold, after 1387 moves.
You were level 2 with a maximum of 22 hit points when you died.

